 Dungeon Crawl Stone Soup version 0.28-a0-1087-gf3fc490d9d (webtiles) character file.

Game seed: 3103708170948785613

6837 karrick the Basher (level 11, 0/67 HPs)
             Began as a Gargoyle Fighter on Dec 11, 2021.
             Was a High Priest of Okawaru.
             Slain by a spriggan simulacrum (13 damage)
             ... in an ice cave.
             The game lasted 00:33:36 (11548 turns).

karrick the Basher (Gargoyle Fighter)              Turns: 11548, Time: 00:33:36

Health: 0/67       AC: 15    Str: 21    XL:     11   Next: 5%
Magic:  11/16      EV: 17    Int: 14    God:    Okawaru [*****.]
Gold:   552        SH:  6    Dex: 13    Spells: 10/10 levels left

rFire   . . .      SeeInvis .   a - +0 flail
rCold   . . .      Faith    +   c - +0 buckler
rNeg    + . .      Spirit   .   K - +0 troll leather armour
rPois   ∞          Reflect  .   (no helmet)
rElec   +          Harm     .   y - scarf {+Inv}
rCorr   .          Rampage  .   g - +0 pair of gloves
Will    .....                   v - +0 pair of boots
Stlth   ++........              t - amulet of faith
HPRegen 1.01/turn               h - +4 ring of evasion
MPRegen 0.15/turn               k - +6 ring of intelligence

@: finesse-ful, studying Evocations
A: sickness immunity, AC +8, negative energy resistance 1, electricity
resistance, torment resistance 1, petrification resistance
a: Renounce Religion, Evoke Invisibility, Heroism, Finesse, Duel


You were in an ice cave.
You worshipped Okawaru.
Okawaru was extremely pleased with you.
You visited 2 branches of the dungeon, and saw 14 of its levels.
You also visited: Sewer and Ice Cave.

You collected 552 gold pieces.

Inventory:

Hand Weapons
 a - a +0 flail (weapon)
 w - a +2 great mace of protection
Missiles
 z - 5 throwing nets (quivered)
Armour
 b - a +0 scale mail
 c - a +0 buckler (worn)
 g - a +0 pair of gloves (worn)
 q - a +0 cloak
 v - a +0 pair of boots (worn)
 y - a scarf of invisibility (worn)
 K - a +0 troll leather armour (worn)
Jewellery
 h - a +4 ring of evasion (left hand)
 k - a +6 ring of intelligence (right hand)
 t - an amulet of faith (around neck)
 E - a ring of see invisible
 F - a ring of willpower
Wands
 C - a wand of iceblast (13)
 I - a wand of paralysis (6)
Scrolls
 d - a scroll of amnesia
 e - 2 scrolls of noise
 f - 2 scrolls of fog
 n - a scroll of enchant weapon
 o - a scroll of vulnerability
 s - a scroll of holy word
 D - 2 scrolls of blinking
 J - a scroll of magic mapping
Potions
 i - a potion of attraction {unknown}
 j - a potion of degeneration {unknown}
 l - 9 potions of flight
 m - 2 potions of brilliance
 r - a potion of heal wounds {unknown}
 u - a potion of resistance {unknown}
 A - a potion of invisibility {unknown}
 B - a potion of lignification {unknown}
 G - a potion of cancellation {unknown}


   Skills:
 + Level 7.2 Fighting
 + Level 10.1 Maces & Flails
 + Level 6.8 Armour
 + Level 3.9 Dodging
 + Level 2.8 Stealth
 + Level 7.2 Shields
 * Level 7.1 Invocations
 * Level 1.3 Evocations


You had 10 spell levels left.
You didn't know any spells.
Your spell library contained the following spells:

 Spells                   Type           Power      Damage    Failure   Level
 Corpse Rot               Necr/Air       0%         N/A       45%         2
 Ensorcelled Hibernation  Hex/Ice        0%         N/A       45%         2
 Ignite Poison            Fire/Tmut/Pois 0%         N/A       69%         3
 Mephitic Cloud           Conj/Pois/Air  0%         N/A       69%         3
 Ozocubu's Armour         Ice            0%         N/A       69%         3
 Spider Form              Tmut/Pois      0%         N/A       69%         3
 Dispel Undead            Necr           0%         3d6       97%         4
 Freezing Cloud           Conj/Ice/Air   0%         6-21      100%        5
 Ozocubu's Refrigeration  Ice            0%         4d5       100%        7
 Death Channel            Necr           Unusable   N/A       N/A         6

Dungeon Overview and Level Annotations

Branches:
Dungeon (13/15)            Temple (1/1) D:4            Lair (0/6) D:8
    Orc (0/2) D:12          Sewer (visited)           IceCv (1/1)
 Vaults: D:13-14

Altars:
Ashenzari
Cheibriados
Dithmenos
Elyvilon
Fedhas
Gozag
Hepliaklqana
Kikubaaqudgha
Makhleb
Nemelex Xobeh
Okawaru
Qazlal
Ru
Sif Muna
Trog
Uskayaw
Vehumet
Wu Jian
Xom
Yredelemnul
Zin
The Shining One

Shops:
D:4 [

Annotations:
D:2 Sigmund
D:8 2 runed translucent doors, dang3rdave's ghost, novice GrTm
D:11 Gastronok
D:12 Josephine


Innate Abilities, Weirdness & Mutations

You are immune to sickness and miasma.
Your stone body is resilient. (AC +8)
You are immune to poison.
You resist negative energy. (rN+)
You are resistant to electric shocks. (rElec)
You are resistant to unholy torment.
You are immune to petrification.


Message History

The ice devil is moderately wounded.
The ice devil hits you. The ice devil freezes you!
You can now deal lightning-fast blows.
The ice devil closely misses you. The spriggan simulacrum hits you!
The spriggan simulacrum freezes you!
* * * LOW HITPOINT WARNING * * *
You closely miss the ice devil.
The ice devil is moderately wounded.
You block the ice devil's attack.
Okay, then.
You hit the ice devil.
The ice devil is heavily wounded.
The spriggan simulacrum hits you but does no damage.
You hit the ice devil but do no damage.
The ice devil is heavily wounded.
The ice devil misses you.
You hit the ice devil but do no damage.
The ice devil is heavily wounded.
You barely miss the ice devil.
The ice devil is heavily wounded.
The spriggan simulacrum barely misses you.
You hit the ice devil.
The ice devil is heavily wounded.
The ice devil barely misses you.
You hit the ice devil but do no damage.
The ice devil is heavily wounded.
You hit the ice devil but do no damage.
The ice devil is heavily wounded.
The spriggan simulacrum misses you. You block the ice devil's attack.
You hit the spriggan simulacrum.
The spriggan simulacrum is lightly damaged.
You barely miss the ice devil.
The ice devil is heavily wounded.
You block the ice devil's attack.
You sock the ice devil!
The ice devil is almost dead.
The spriggan simulacrum hits you.
* * * LOW HITPOINT WARNING * * *
The spriggan simulacrum freezes you!
You die...

##..∩..##
#.......#
#...∩...#
##.....##
##...##
#...##
##...#
##...#
##.Z@##
#..4##
#..##
##..#
##...#
#..##
....
.....
Z..4...


You could see an ice devil and a spriggan simulacrum.

Vanquished Creatures
  Harold (D:7)
  4 trolls
  2 wraiths (D:12)
  3 wyverns (D:9)
  10 yaks
  Menkaure (D:7)
  2 orc warriors
  An ice beast (D:8)
  A black bear (D:5)
  2 ogres
  A necrophage (D:2)
  3 centaurs
  4 kobold brigands
  4 bullfrogs
  2 scorpions (D:6)
  A two-headed ogre simulacrum (D:12)
  A gnoll sergeant (D:8)
  A wyvern zombie (D:6)
  2 elephant simulacra (D:12)
  4 wights (D:7)
  A bullfrog zombie (D:6)
  A centaur zombie (D:8)
  A jelly (D:7)
  3 hounds
  4 orc priests
  2 centaur skeletons
  Jessica (D:2)
  2 iguanas
  Ijyb (D:4)
  7 orc wizards
  A merfolk siren (Sewer)
  2 troll simulacra
  4 spriggan simulacra
  A merfolk avatar (Sewer)
  11 gnolls
  2 naga simulacra (D:12)
  5 adders
  3 river rats (Sewer)
  2 shadow imps
  2 white imps
  An ufetubus (IceCv)
  A worm (D:3)
  4 dart slugs
  12 orcs
  14 ball pythons
  5 endoplasms
  12 giant cockroaches
  12 goblins
  3 hobgoblins
  2 jackals (D:1)
  9 quokkas
  7 bats
  3 frilled lizards
  24 kobolds
  29 rats
244 creatures vanquished.

Notes
Turn   | Place    | Note
-------+----------+-------------------------------------------
     0 | D:1      | karrick the Gargoyle Fighter began the quest for the Orb.
     0 | D:1      | Reached XP level 1. HP: 14/14 MP: 1/1
    50 | D:1      | Reached XP level 2. HP: 17/19 MP: 2/2
   357 | D:1      | Reached XP level 3. HP: 23/23 MP: 3/3
   733 | D:2      | Noticed a necrophage
   744 | D:2      | Killed a necrophage
   745 | D:2      | Reached skill level 3 in Maces & Flails
   745 | D:2      | Reached XP level 4. HP: 23/29 MP: 4/4
   745 | D:2      | Reached XP level 5. HP: 26/33 MP: 5/5
  1131 | D:2      | Noticed Jessica
  1135 | D:2      | Killed Jessica
  1247 | D:2      | Noticed Sigmund
  1446 | D:3      | Found a burning altar of Makhleb.
  1746 | D:3      | Reached skill level 1 in Dodging
  1876 | D:3      | Reached skill level 4 in Maces & Flails
  1876 | D:3      | Reached XP level 6. HP: 32/38 MP: 6/6
  2392 | D:4      | Found a glowing drain.
  2433 | Sewer    | Entered a sewer
  2615 | Sewer    | Reached skill level 5 in Shields
  2754 | Sewer    | Reached XP level 7. HP: 43/44 MP: 7/7
  3048 | D:4      | Reached skill level 5 in Maces & Flails
  3281 | D:4      | Found a staircase to the Ecumenical Temple.
  3288 | Temple   | Entered the Ecumenical Temple
  3785 | Temple   | Became a worshipper of Warmaster Okawaru
  3866 | D:4      | Noticed Ijyb
  3881 | D:4      | Killed Ijyb
  4127 | D:4      | Found Siloiptoshre's Armour Boutique.
  4269 | D:5      | Entered Level 5 of the Dungeon
  5103 | D:5      | Noticed a yak
  5103 | D:5      | Noticed a yak
  5103 | D:5      | Noticed a yak
  5103 | D:5      | Noticed a yak
  5317 | D:6      | Reached XP level 8. HP: 46/48 MP: 8/8
  5374 | D:6      | Reached skill level 6 in Maces & Flails
  5453 | D:6      | Reached * piety under Okawaru
  5454 | D:6      | Reached skill level 1 in Invocations
  5484 | D:6      | Reached skill level 5 in Armour
  5954 | D:7      | Reached skill level 5 in Fighting
  6284 | D:7      | Reached skill level 7 in Maces & Flails
  6323 | D:7      | Noticed Menkaure
  6333 | D:7      | Killed Menkaure
  6333 | D:7      | Reached ** piety under Okawaru
  6344 | D:7      | Reached XP level 9. HP: 33/54 MP: 11/11
  6573 | D:7      | Noticed Harold
  7797 | D:8      | Found a staircase to the Lair.
  8185 | D:8      | Found a large runed translucent door.
  8186 | D:8      | Found a large runed translucent door.
  8190 | D:8      | Noticed dang3rdave's ghost (novice GrTm)
  8556 | D:5      | Reached *** piety under Okawaru
  8557 | D:5      | Reached skill level 1 in Stealth
  8563 | D:5      | Reached skill level 8 in Maces & Flails
  9181 | D:7      | Killed Harold
  9182 | D:7      | Reached skill level 5 in Invocations
  9182 | D:7      | Reached XP level 10. HP: 44/61 MP: 11/14
  9538 | D:9      | Reached **** piety under Okawaru
  9900 | D:9      | Reached skill level 9 in Maces & Flails
 10046 | D:10     | Entered Level 10 of the Dungeon
 10642 | D:9      | Reached ***** piety under Okawaru
 11036 | D:10     | Noticed a gargoyle
 11059 | D:11     | Noticed a two-headed ogre
 11072 | D:11     | Noticed a two-headed ogre
 11085 | D:11     | Noticed Gastronok
 11122 | D:12     | Noticed Josephine
 11133 | D:12     | Noticed a cyclops
 11139 | D:12     | Found a white marble altar of Elyvilon.
 11177 | D:12     | Reached skill level 10 in Maces & Flails
 11195 | D:12     | Reached XP level 11. HP: 67/67 MP: 16/16
 11202 | D:12     | Identified a scroll of acquirement
 11210 | D:12     | Acquired a manual of Evocations
 11330 | D:12     | Found a frozen archway.
 11376 | D:12     | Reached skill level 1 in Evocations
 11478 | IceCv    | Entered an ice cave
 11548 | IceCv    | Slain by a spriggan simulacrum

Illustrated notes

Levels and vault maps discovered:
D:1:      psy_arrival_dodecagon, layout_basic
D:2:      cheibrodos_helix_gallery, layout_basic, kennysheep_nondescript,
          hangedman_decor_slide_cut, minmay_tromino_i2, uniq_jessica,
          uniq_sigmund
D:3:      layout_loops_ring, lemuel_crystal_altar
D:4:      layout_gridville, minmay_temple_entry_arrows, serial_shops,
          nicolae_lakefront_shop, portal_sewer_entry_b, minmay_distorted,
          uniq_ijyb
D:5:      layout_gridville
D:6:      layout_basic
D:7:      layout_basic, dk_noncrumbling_3, uniq_menkaure, uniq_harold
D:8:      layout_loops_ring, lair_entry_dummy, ebering_ghost_disaster_area,
          kennysheep_generic_room_3
D:9:      layout_long_grid
D:10:     layout_rooms
D:11:     layout_gridville, uniq_gastronok, uniq_grum
D:12:     minmay_diamond_stairs, layout_loops_ring, orc_0_dummy,
          portal_ice_cave_entry_ice_simulacra, kennysheep_cross_room,
          elyvilon_altar_4, uniq_josephine
D:13:     layout_layer_cave
Temple:   mainiacjoe_temple_starburst
IceCv:    ice_cave_small_demon

Skill      XL: |  1  2  3  4  5  6  7  8  9 10 11 |
---------------+----------------------------------+-----
Maces & Flails | 3 4 5 7 8 10 | 10.1
Shields        | 4 5 6 7 |  7.2
Armour         | 4 5 6 |  6.8
Fighting       | 4 5 6 7 |  7.2
Dodging        | 1 2 3 |  3.9
Invocations    | 3 5 7 |  7.1
Stealth        | 2 |  2.8
Evocations     | 1 |  1.3

Action                   |  1- 3 |  4- 6 |  7- 9 | 10-12 || total
-------------------------+-------+-------+-------+-------++-------
Melee: Flail             |    80 |   310 |   462 |   408 ||  1260
Invok: Heroism           |       |       |     3 |     5 ||     8
       Finesse           |       |       |       |     1 ||     1
Evoke: Wand              |       |     3 |     1 |    11 ||    15
  Use: Potion            |       |     2 |     1 |     5 ||     8
       Scroll            |       |       |     1 |    13 ||    14
 Stab: Paralysed         |       |       |     3 |     4 ||     7
Armor: Scale mail        |    57 |   124 |   170 |    43 ||   394
       Troll leather arm |       |       |       |    87 ||    87
Dodge: Dodged            |    71 |   265 |   356 |   287 ||   979
Block: Buckler           |    22 |   104 |   119 |   104 ||   349

Table legend: (Time is in decaauts)
 A = Elapsed time spent in this place.
 B = Non-inter-level travel time spent in this place.
 C = Inter-level travel time spent in this place.
 D = Time resting spent in this place.
 E = Time spent auto-exploring this place.
 F = Levels seen in this place.
 G = Mean time per level.
                   A        B        C        D        E       F      G
               +--------+--------+--------+--------+--------+-----+--------+
         Total |  11680 |  11154 |    526 |    806 |   7537 |  16 |  730.0 |
       Dungeon |  10539 |  10115 |    424 |    806 |   6864 |  13 |  810.7 |
        Temple |    552 |    450 |    102 |      0 |    431 |   1 |  552.0 |
         Sewer |    533 |    533 |      0 |      0 |    242 |   1 |  533.0 |
      Ice Cave |     55 |     55 |      0 |      0 |      0 |   1 |   55.0 |
               +--------+--------+--------+--------+--------+-----+--------+

Top non-repeatable levels by time:
     D:8: 1506 daAuts
     D:9: 1364 daAuts
     D:5: 1245 daAuts
     D:6: 1238 daAuts
     D:4: 1077 daAuts
     D:3: 972 daAuts
     D:7: 961 daAuts
     D:1: 688 daAuts
     D:2: 620 daAuts
  Temple: 552 daAuts
   Sewer: 533 daAuts
    D:10: 434 daAuts
    D:12: 304 daAuts
    D:11: 70 daAuts
   IceCv: 55 daAuts
